 Dungeon Crawl Stone Soup version 0.29-a0-341-g24ffce5b50 (webtiles) character file.

Game seed: 1959846689298089726

564 spaghetti the Covered (level 7, -2/55 HPs)
             Began as a Mummy Berserker on Apr 20, 2022.
             Was a Believer of Trog.
             Slain by an orc warrior
             ... wielding a +0 glaive
              (21 damage)
             ... on level 5 of the Dungeon.
             The game lasted 00:04:42 (3557 turns).

spaghetti the Covered (Mummy Berserker)             Turns: 3557, Time: 00:04:42

Health: -2/55      AC: 12    Str: 21    XL:     7   Next: 10%
Magic:  7/7        EV:  8    Int:  6    God:    Trog [**....]
Gold:   340        SH:  0    Dex: 13    Spells: 6/6 levels left

rFire   x . .      SeeInvis .   p - +2 war axe (vamp) {axe}
rCold   + . .      Faith    .   (no shield)
rNeg    + + +      Spirit   .   d - +0 chain mail
rPois   ∞          Reflect  .   (no helmet)
rElec   .          Harm     .   u - +0 cloak
rCorr   .          Rampage  .   k - +0 pair of gloves
Will    ++...                   (no boots)
Stlth   ..........              f - amulet of the acrobat
HPRegen 1.18/turn               (no ring)
MPRegen 0.10/turn               (no ring)

@: strong-willed, regenerating
A: cold resistance 1, negative energy resistance 3, torment resistance 2, heat
vulnerability 1, in touch with death 1, no potions
a: Renounce Religion, Trog's Hand


You were on level 5 of the Dungeon.
You worshipped Trog.
Trog was pleased with you.
You visited 1 branch of the dungeon, and saw 5 of its levels.

You collected 340 gold pieces.


Innate Abilities, Weirdness & Mutations

You are immune to poison.
Your flesh is cold resistant. (rC+)
You are immune to negative energy. (rN+++)
You are immune to unholy pain and torment.
You are vulnerable to heat. (rF-)
You are in touch with the powers of death.
You do not drink.


   Skills:
 + Level 4.5 Fighting
 - Level 3.0 Maces & Flails
 + Level 2.2 Throwing
 * Level 4.8 Armour
 - Level 1.5 Dodging


You had 6 spell levels left.
You didn't know any spells.
Your spell library contained the following spells:

 Spells                   Type           Power      Damage    Failure   Level
 Sandblast                Erth           0%         2d4       99%         1
 Shock                    Conj/Air       0%         1d3       99%         1
 Corpse Rot               Necr/Air       0%         N/A       100%        2
 Passwall                 Tmut/Erth      0%         N/A       100%        2
 Poisonous Vapours        Pois/Air       0%         N/A       100%        2
 Dazzling Flash           Conj/Hex       0%         N/A       100%        3
 Stone Arrow              Conj/Erth      0%         3d7       100%        3
 Swiftness                Air            0%         N/A       100%        3
 Tukima's Dance           Hex            0%         N/A       100%        3
 Airstrike                Air            0%         N/A       100%        4
 Iskenderun's Mystic Bla  Conj/Tloc      0%         2d3       100%        4
 Passage of Golubria      Tloc           0%         N/A       100%        4
 Yara's Violent Unravell  Hex/Tmut       0%         3d3       100%        5
 Starburst                Conj/Fire      0%         6d3       100%        6

Inventory:

Hand Weapons
 a - a +0 mace {mace}
 p - a +2 vampiric war axe (weapon) {axe}
   (You took it off an orc on level 3 of the Dungeon)
Missiles
 l - 3 poisoned darts {throwing}
 m - 5 javelins {throwing}
 n - 108 stones (quivered) {throwing}
Armour
 b - a +0 animal skin
 d - a +0 chain mail (worn)
   (You found it on level 1 of the Dungeon)
 k - a +0 pair of gloves (worn)
   (You found it on level 2 of the Dungeon)
 u - a +0 cloak (worn)
   (You found it on level 4 of the Dungeon)
Magical Staves
 i - a staff of fire {forbidden!astaff}
   (You found it on level 2 of the Dungeon)
 v - a staff of death {forbidden!astaff}
   (You found it on level 4 of the Dungeon)
Jewellery
 f - an amulet of the acrobat (around neck)
   (You found it on level 1 of the Dungeon)
 w - an amulet of magic regeneration {@e2}
   (You found it on level 4 of the Dungeon)
Wands
 x - a wand of flame (29)
   (You found it on level 5 of the Dungeon)
Scrolls
 c - 3 scrolls of teleportation {unknown}
 e - 3 scrolls of identify {unknown}
 g - a scroll of immolation {unknown}
 h - a scroll of enchant armour {unknown}
 j - a scroll of enchant weapon {unknown}
 o - a scroll of torment {unknown}
 q - a scroll of amnesia {unknown}
 r - 2 scrolls of magic mapping {unknown}
 s - a scroll of silence {unknown}
 t - 2 scrolls of vulnerability {unknown}
 y - a scroll of fog {unknown}

Dungeon Overview and Level Annotations

Branches:
Dungeon (5/15)             Temple (0/1) D:5

Altars:

##...........###.
#.............###
#.............## #######
##.............#
.......####.............#
..8..8..8##.............##
.........)#...............
..o...ooo)'..............#
.....ooo{@##.............#
..8..8oo8##.###..........#
......o###### ###......###
######### ####.### #.# ###
##.# ### #..# ###.. #.##
###.... #.# #......


You could see an orc warrior and 9 orcs.


Message History

An orc wizard comes into view. It is wielding a +0 dagger.
You hit the orc. You closely miss the orc. The orc barely misses you.
The orc hits you with a +0 hand axe.
An orc comes into view. It is wielding a +0 dagger.
The orc hits you but does no damage. The orc barely misses you.
You are too injured to fight recklessly!
You are too injured to fight recklessly! 😕 HP[-5]
You take 5 damage, and now have 50/55 hp.
You are too injured to fight recklessly!
You are too injured to fight recklessly!
You are too injured to fight recklessly!
You are too injured to fight recklessly!
You are too injured to fight recklessly!
You are too injured to fight recklessly!
You are too injured to fight recklessly!
You are too injured to fight recklessly!
You are too injured to fight recklessly!
You are too injured to fight recklessly!
You are too injured to fight recklessly!
You are too injured to fight recklessly!
You are too injured to fight recklessly!
You are too injured to fight recklessly!
Unknown command.
You slash the orc!
You feel better.
You kill the orc!
Trog accepts your kill.
You barely miss the orc. You hit the orc. You barely miss the orc.
The orc hits you but does no damage. The orc hits you with a +0 dagger.
An orc wizard comes into view. It is wielding a +0 dagger. 😕 HP[+2]
You regained 2 hp, and now have 52/55 hp.
The orc attacks as you move away! The orc hits you with a +0 hand axe.
The orc throws a boomerang.
The boomerang completely misses you.
The orc wizard casts a spell.
The orc wizard flickers and vanishes!
Deactivating autopickup; reactivate with Ctrl-A.
The orc misses you. 😕 HP[-2]
You take 2 damage, and now have 50/55 hp.
The orc attacks as you move away! The orc closely misses you.
The orc attacks as you move away! The orc misses you.
You see here a +0 dagger {short}.
You barely miss the orc. You hit the orc. The orc hits you with a +0 hand axe.
The orc barely misses you. 😕 HP[-2]
You take 2 damage, and now have 48/55 hp.
You barely miss the orc wizard. You slash the orc!
You kill the orc!
Trog accepts your kill.
The orc warrior hits you from afar with a +0 glaive.
An orc comes into view. It is wielding a +0 war axe.
The orc wizard gestures wildly while chanting.
The orc wizard flickers and vanishes! 😕 HP[-1]
You take 1 damage, and now have 47/55 hp.
You slash the orc wizard!
You feel better.
You slash the orc!
You kill the orc!
Trog accepts your kill.
The orc warrior hits you from afar with a +0 glaive!
The orc wizard hits you but does no damage. 😮 HP[-7]
You take 7 damage, and now have 40/55 hp.
You miss the orc wizard.
An orc comes into view. It is wielding a +0 falchion.
The orc warrior barely misses you.
The orc throws a boomerang.
The boomerang barely misses you.
The orc wizard hits you with a +0 dagger.
The orc warrior hits you from afar with a +0 glaive!
The orc drinks a potion.
The orc flickers and vanishes! 😮 HP[-9]
You take 9 damage, and now have 31/55 hp.
The orc shouts!
You hit the orc wizard but do no damage.
The orc warrior hits you from afar with a +0 glaive!
* * * LOW HITPOINT WARNING * * *
The orc wizard gestures at you while chanting.
You easily resist. 😨 HP[-9]
You take 9 damage, and now have 22/55 hp.
You slash the orc wizard!
You feel better.
You kill the orc wizard!
Trog accepts your kill.
Trog appreciates your killing of a magic user.
You miss something.
The orc jeers to no one in particular.
The orc warrior hits you but does no damage.
The orc warrior barely misses you. Something hits you.
* * * LOW HITPOINT WARNING * * *
Something hits you but does no damage. The orc hits you with a +0 mace!
* * * LOW HITPOINT WARNING * * *
😨 HP[-4]
You take 4 damage, and now have 18/55 hp.
Okay, then.
Your skin crawls.
You feel strong-willed.
An orc comes into view. It is wielding a +0 dagger.
The orc warrior hits you from afar with a +0 glaive!!
You die...

Skill      XL: |  1  2  3  4  5  6 |
---------------+-------------------+-----
Armour         | 2 3 4 |  4.8
Maces & Flails | 3 |  3.0
Throwing       | 1 2 |  2.2
Fighting       | 4 |  4.5
Dodging        | |  1.5

Action                   |  1- 3 |  4- 6 |  7- 9 || total
-------------------------+-------+-------+-------++-------
Melee: Mace              |   110 |    17 |       ||   127
       War axe           |       |    84 |    15 ||    99
       Punch             |       |     1 |       ||     1
Throw: Stone             |       |    26 |       ||    26
Invok: Trog's Hand       |       |     1 |     1 ||     2
Armor: Chain mail        |    59 |    62 |    12 ||   133
       Animal skin       |     2 |       |       ||     2
Dodge: Dodged            |    68 |    66 |    15 ||   149

Levels and vault maps discovered:
D:1:      minmay_arrival_radiant_lines, layout_loops_cross,
          chequers_serial_rivers_micro_d, minmay_misc_feat_doors
D:2:      layout_rooms, grunt_ministairs_6
D:3:      layout_loops_ring
D:4:      layout_loops_ring, minmay_gold_behind_fungi,
          kennysheep_decorative_pillar
D:5:      layout_cave_pods, minmay_temple_entry_glassed_door,
          lightli_church_of_beogh

Notes
Turn   | Place    | Note
-------+----------+-------------------------------------------
     0 | D:1      | spaghetti the Mummy Berserker began the quest for the Orb.
     0 | D:1      | Reached XP level 1. HP: 18/18 MP: 1/1
     0 | D:1      | magus.rc [v1.9.6]
    53 | D:1      | You pick up a book of Spectacle {forbidden} and begin
                  | reading...
    53 | D:1      | You add the spells Dazzling Flash, Iskenderun's Mystic
                  | Blast and Starburst to your library.
    89 | D:1      | You pick up a book of Vapours {forbidden} and begin
                  | reading...
    89 | D:1      | You add the spells Poisonous Vapours and Corpse Rot to your
                  | library.
   209 | D:1      | Reached skill level 2 in Armour
   244 | D:1      | You pick up a book of Air {forbidden} and begin reading...
   244 | D:1      | You add the spells Shock, Swiftness and Airstrike to your
                  | library.
   426 | D:1      | Reached XP level 2. HP: 24/24 MP: 2/2
   710 | D:2      | Gained mutation: You are in touch with the powers of death.
                  | [Mummy growth]
   710 | D:2      | Reached XP level 3. HP: 28/29 MP: 3/3
   968 | D:2      | Reached ** piety under Trog
  1024 | D:2      | Reached skill level 3 in Maces & Flails
  1053 | D:2      | You add the spells Tukima's Dance, Passage of Golubria and
                  | Yara's Violent Unravelling to your library.
  1162 | D:2      | Reached skill level 3 in Armour
  1162 | D:2      | Reached XP level 4. HP: 32/35 MP: 4/4
  2073 | D:4      | Noticed a phantom
  2085 | D:4      | Killed a phantom
  2086 | D:4      | Reached XP level 5. HP: 41/41 MP: 5/5
  2170 | D:4      | You pick up a book of Geomancy {forbidden} and begin
                  | reading...
  2170 | D:4      | You add the spells Sandblast, Passwall and Stone Arrow to
                  | your library.
  2492 | D:5      | Entered Level 5 of the Dungeon
  2492 | D:5      | Noticed an ice beast
  2505 | D:5      | Killed an ice beast
  2506 | D:5      | Reached skill level 1 in Throwing
  2506 | D:5      | Reached skill level 4 in Armour
  2506 | D:5      | Reached XP level 6. HP: 46/48 MP: 6/6
  2558 | D:5      | Reached skill level 4 in Fighting
  2812 | D:5      | Found a staircase to the Ecumenical Temple.
  2842 | D:5      | Reached skill level 2 in Throwing
  3207 | D:5      | Found a runed translucent door.
  3391 | D:5      | Reached XP level 7. HP: 47/55 MP: 7/7
  3557 | D:5      | Slain by an orc warrior

Vanquished Creatures
  An ice beast (D:5)
  A phantom (D:4)
  A scorpion (D:5)
  3 orc priests (D:5)
  An iguana (D:5)
  3 orc wizards (D:5)
  4 adders
  An ufetubus (D:4)
  2 worms
  2 dart slugs
  20 orcs
  7 ball pythons
  10 bats
  7 endoplasms
  A giant cockroach (D:1)
  3 goblins
  3 hobgoblins
  2 quokkas (D:3)
  7 frilled lizards
  3 kobolds
  3 rats
85 creatures vanquished.

Vanquished Creatures (others)
  5 toadstools (D:4)
5 creatures vanquished.

Grand Total: 90 creatures vanquished

Table legend:
 A = Non-vault XP
 B = Vault XP
 C = Vault XP percentage of total XP
 D = Non-vault monster count
 E = Vault monster count
 F = Vault count percentage of total count
                 A         B        C        D         E       F
            +---------+---------+-------+---------+---------+-------
      Total |     732 |      74 |   9.2 |      74 |      11 |  12.9
            +---------+---------+-------+---------+---------+-------
        D:1 |      23 |       0 |   0.0 |      16 |       0 |   0.0
        D:2 |      59 |      15 |  20.3 |      19 |       2 |   9.5
        D:3 |      36 |       0 |   0.0 |      13 |       0 |   0.0
        D:4 |     121 |       0 |   0.0 |       6 |       0 |   0.0
        D:5 |     493 |      59 |  10.7 |      20 |       9 |  31.0
            +---------+---------+-------+---------+---------+-------

Illustrated notes

Table legend:
 A = Kills in this place as a percentage of kills in entire the game.
 B = Kills by you in this place as a percentage of kills by you in the entire game.
 C = Kills by friends in this place as a percentage of kills by friends in the entire game.
 D = Other kills in this place as a percentage of other kills in the entire game.
 E = Experience gained in this place as a percentage of experience gained in the entire game.
 F = Experience gained in this place divided by the number of levels of this place that you have seen.
                   A       B       C       D       E      F
               +-------+-------+-------+-------+-------+----------------------
         Total | 100.0 | 100.0 |   N/A |   N/A | 100.0 | 161.2
       Dungeon | 100.0 | 100.0 |   N/A |   N/A | 100.0 | 161.2
               +-------+-------+-------+-------+-------+----------------------

Table legend: (Time is in decaauts)
 A = Elapsed time spent in this place.
 B = Non-inter-level travel time spent in this place.
 C = Inter-level travel time spent in this place.
 D = Time resting spent in this place.
 E = Time spent auto-exploring this place.
 F = Levels seen in this place.
 G = Mean time per level.
                   A        B        C        D        E       F      G
               +--------+--------+--------+--------+--------+-----+--------+
         Total |   3633 |   3541 |     92 |    185 |   2726 |   5 |  726.6 |
       Dungeon |   3633 |   3541 |     92 |    185 |   2726 |   5 |  726.6 |
               +--------+--------+--------+--------+--------+-----+--------+

Top non-repeatable levels by time:
     D:5: 1094 daAuts
     D:4: 720 daAuts
     D:1: 700 daAuts
     D:2: 597 daAuts
     D:3: 520 daAuts
